 Dungeon Crawl Stone Soup version 0.21.0-24-g2553a3340b (webtiles) character file.

245 GuyWithAPlan the Poker (level 6, 0/47 HPs)
             Began as a Formicid Fighter on Jan 21, 2018.
             Slain by an orc wizard
             ... wielding a +0 dagger
              (1 damage)
             ... on level 4 of the Dungeon.
             The game lasted 00:03:56 (3312 turns).

GuyWithAPlan the Poker (Formicid Fighter)           Turns: 3312, Time: 00:03:57

Health: 0/47       AC:  9    Str: 20    XL:     6   Next: 32%
Magic:  6/6        EV: 12    Int: 10    God:
Gold:   128        SH:  9    Dex: 15    Spells: 5/5 levels left

rFire    . . .     SeeInvis +   a - +0 trident
rCold    . . .     Gourm    .   c - +0 shield
rNeg     . . .     Faith    .   b - +0 scale mail
rPois    .         Spirit   .   (helmet unavailable)
rElec    .         Reflect  .   (no cloak)
rCorr    .         Harm     .   o - +1 pair of gloves
MR       .....                  (no boots)
Stlth    +.........             (no amulet)
HPRegen  0.15/turn              (no ring)
MPRegen  0.10/turn              (no ring)

@: agile, flying
A: permanent stasis, dig shafts and tunnels, four strong arms, antennae 3
a: Dig, Shaft Self


You were on level 4 of the Dungeon.
You were very hungry.

You visited 1 branch of the dungeon, and saw 4 of its levels.

You collected 128 gold pieces.

Inventory:

Hand Weapons
 a - a +0 trident (weapon)
 h - a cursed -1 whip
Armour
 b - a +0 scale mail (worn)
 c - a +0 shield (worn)
 o - a +1 pair of gloves (worn)
Scrolls
 e - 4 scrolls of identify {unknown}
 g - a scroll of amnesia {unknown}
 i - 2 scrolls of teleportation {unknown}
 j - a scroll of enchant weapon {unknown}
 k - a scroll of enchant armour {unknown}
 l - 2 scrolls of magic mapping {unknown}
 n - 4 scrolls of remove curse {unknown}
Potions
 d - a potion of might
 q - a potion of heal wounds {unknown}
 r - a potion of magic {unknown}
 s - a potion of curing {unknown}
 t - a potion of brilliance {unknown}
 u - a potion of haste {unknown}
 w - a potion of lignification {unknown}
Comestibles
 f - 6 rations


   Skills:
 - Level 3.3 Fighting
 + Level 6.1 Polearms
 - Level 3.3 Armour
 - Level 3.7 Shields


You had 5 spell levels left.
You didn't know any spells.

Dungeon Overview and Level Annotations

Branches:
Dungeon (4/15)
 Temple: D:4-7

Altars:

Annotations:
D:4 yggdrasil's ghost, amateur MiFi


Innate Abilities, Weirdness & Mutations

You cannot be hasted, slowed, berserked, paralysed or teleported.
You can dig through walls and to a lower floor.
Your four strong arms can wield two-handed weapons with a shield.
You have a pair of large antennae on your head. (SInv)


Message History

You hit the orc.
The orc is heavily wounded.
The orc hits you but does no damage.
The orc wizard points at you and mumbles some strange words.
The magic dart hits you!
* * * LOW HITPOINT WARNING * * *
You hit the orc.
The orc is severely wounded.
The orc hits you with a hand axe.
* * * LOW HITPOINT WARNING * * *
The orc wizard casts a spell at you. The magic dart hits you!
* * * LOW HITPOINT WARNING * * *
It was a potion of agility.
You feel agile all of a sudden. You block the orc's attack.
It was a potion of flight.
You feel very buoyant.
You fly up into the air.
The orc wizard hits you with a dagger.
You die...

#.#########
......o@o.#
#########.# #.#
###o# #..o####
#......#
#......#########
....................
............########


You could see an orc wizard and an orc.

Vanquished Creatures
  2 howler monkeys (D:4)
  An orc wizard (D:4)
  Jessica (D:2)
  A worker ant zombie (D:3)
  5 adders
  An ooze (D:2)
  2 adder zombies (D:3)
  A leopard gecko (D:4)
  2 orcs (D:4)
  A ball python (D:1)
  2 giant cockroaches (D:1)
  7 goblins
  4 hobgoblins
  4 kobolds
  3 quokkas (D:2)
  2 bats
  3 frilled lizards
  A jackal skeleton (D:3)
  A quokka zombie (D:3)
  11 rats
55 creatures vanquished.

Notes
Turn   | Place    | Note
-------+----------+-------------------------------------------
     0 | D:1      | GuyWithAPlan the Formicid Fighter began the quest for the Orb.
     0 | D:1      | Reached XP level 1. HP: 18/18 MP: 1/1
   130 | D:1      | Reached XP level 2. HP: 22/24 MP: 2/2
   256 | D:1      | You fall through a shaft!
   279 | D:2      | Reached skill level 3 in Polearms
   279 | D:2      | Reached XP level 3. HP: 29/29 MP: 3/3
   478 | D:2      | Noticed Jessica
   487 | D:2      | Killed Jessica
   487 | D:2      | Reached skill level 4 in Polearms
   487 | D:2      | Reached XP level 4. HP: 15/35 MP: 4/4
  1395 | D:3      | Reached XP level 5. HP: 41/41 MP: 5/5
  2216 | D:4      | Noticed yggdrasil's ghost (amateur MiFi)
  2466 | D:4      | Reached skill level 5 in Polearms
  2900 | D:4      | Reached XP level 6. HP: 47/47 MP: 6/6
  3291 | D:4      | Reached skill level 6 in Polearms
  3310 | D:4      | HP: 1/47 [orc wizard/magic dart (5)]
  3312 | D:4      | Slain by an orc wizard

Skill      XL: |  1  2  3  4  5  6 |
---------------+-------------------+-----
Polearms       | 3 4 5 6 |  6.1
Fighting       | |  3.3
Armour         | |  3.3
Shields        | |  3.7

Action                   |  1- 3 |  4- 6 || total
-------------------------+-------+-------++-------
Melee: Trident           |    81 |   148 ||   229
  Use: Potion            |       |     2 ||     2
  Eat: Chunk             |       |     3 ||     3
       Ration            |       |     1 ||     1
Armor: Scale mail        |    31 |    58 ||    89
Dodge: Dodged            |    22 |    36 ||    58
Block: Shield            |    36 |    57 ||    93
